 Dungeon Crawl Stone Soup version 0.24.1-14-gf8d2b509d9 (webtiles) character file.

Game seed: 8321567412960320240, levelgen mode: deterministic

61 Hugehornet the Insei (level 4, -1/28 HPs)
             Began as an Octopode Transmuter on May 17, 2020.
             Slain by a leopard gecko (5 damage)
             ... on level 1 of the Dungeon.
             The game lasted 00:01:44 (1370 turns).

Hugehornet the Insei (Octopode Transmuter)          Turns: 1370, Time: 00:01:45

Health: -1/28      AC:  1    Str:  9    XL:     4   Next: 7%
Magic:  5/7        EV: 13    Int: 16    God:
Gold:   79         SH:  0    Dex: 12    Spells: 1/7 levels left

rFire    . . .     SeeInvis .     - Unarmed
rCold    . . .     Gourm    .   (no shield)
rNeg     . . .     Faith    .   (helmet restricted)
rPois    .         Spirit   .   (no amulet)
rElec    .         Reflect  .   (no ring)
rCorr    .         Harm     .   (no ring)
MR       .....                  (no ring)
Stlth    ++........             (no ring)
HPRegen  0.09/turn              (no ring)
MPRegen  0.10/turn              (no ring)
                                (no ring)
                                (no ring)

@: no status effects
A: almost no armour, stealthy swim, amphibious, 8 rings, constrict 8, camouflage
1, gelatinous body 1
a: no special abilities


You were on level 1 of the Dungeon.
You were hungry.

You visited 1 branch of the dungeon, and saw 2 of its levels.

You collected 79 gold pieces.

Inventory:

Missiles
 a - 28 arrows
Scrolls
 b - 2 scrolls of immolation {unknown}
 d - 2 scrolls of identify {unknown}
 e - 2 scrolls of amnesia {unknown}
 f - a scroll of teleportation {unknown}
 h - a scroll of remove curse {unknown}
 i - a scroll of random uselessness {unknown}
Potions
 g - a potion of invisibility {unknown}
 j - 2 potions of agility {unknown}
 k - a potion of magic {unknown}
 l - 2 potions of heal wounds {unknown}
Comestibles
 c - a ration


   Skills:
 - Level 1.0 Fighting
 - Level 2.0 Dodging
 - Level 3.3 Unarmed Combat
 - Level 2.0 Spellcasting
 - Level 3.0 Transmutations
 + Level 2.7 Poison Magic


You had one spell level left.
You knew the following spells:

 Your Spells              Type           Power        Failure   Level  Hunger
a - Beastly Appendage     Tmut           ##....       6%          1    #......
b - Sticks to Snakes      Tmut           ##......     9%          2    ###....
c - Spider Form           Tmut/Pois      ##........   19%         3    ###....

Your spell library contained the following spells:

 Spells                   Type           Power        Failure   Level  Hunger
 Ice Form                 Ice/Tmut       #.......     73%         4    #####..
 Blade Hands              Tmut           ##........   86%         5    ######.


Dungeon Overview and Level Annotations

Branches:
Dungeon (2/15)

Altars:
Okawaru
Sif Muna
Zin


Innate Abilities, Weirdness & Mutations

You cannot wear most types of armour.
You are very stealthy in the water. (Stealth+)
You are amphibious.
You can wear up to eight rings at the same time.
You can use your tentacles to constrict eight enemies at once.
Your skin changes colour to match your surroundings (Stealth+).
Your rubbery body absorbs attacks. (AC +1, EV +1)


Message History

* * * LOW HITPOINT WARNING * * *
The ball python constricts you.
You escape the ball python's grasp.
The leopard gecko barely misses you. The kobold closely misses you.
The leopard gecko closely misses you. x2
You hit the frilled lizard.
You kill the frilled lizard!
You barely miss the ball python.
Your transformation has ended.
The ball python barely misses you. The ball python grabs you.
* * * LOW HITPOINT WARNING * * *
The ball python constricts you.
You barely miss the ball python. Your grab misses the ball python.
You squeeze the ball python.
You kill the ball python!
The leopard gecko bites you.
* * * LOW HITPOINT WARNING * * *
You barely miss the leopard gecko. Your grab misses the leopard gecko.
The leopard gecko bites you.
You die...

#######...........###.#
#....÷...
.....##............##.#
#.##.####
.##..##.......÷..#.##.#
#.##.####
.8#..#######.#.#.#..#.#
#.##..... .##..#
#.#.#.##.#.###.##.#### .##..#
#.#.#.##.#÷##....)## .##..#
#.#.#..............# .8#..#
####.#.####...#####...#
.########....#..@lK...#.....#.#
.##8###8###########..>#.####..#
......................#.# #..#
..........##########.##.####..#
..........# #..#.......#
.##8###8### ##....#..### .####
### ####...## .8# ##### .##


You could see a leopard gecko and a kobold.

Vanquished Creatures
  Natasha (D:2)
  2 oozes
  A leopard gecko (D:1)
  A ball python (D:1)
  3 giant cockroaches
  3 goblins
  A hobgoblin (D:2)
  5 bats
  4 frilled lizards (D:1)
  4 kobolds (D:1)
  4 rats
29 creatures vanquished.

Notes
Turn   | Place    | Note
-------+----------+-------------------------------------------
     0 | D:1      | Hugehornet the Octopode Transmuter began the quest for the
                  | Orb.
     0 | D:1      | Reached XP level 1. HP: 13/13 MP: 3/3
   516 | D:1      | Reached XP level 2. HP: 18/18 MP: 3/5
   520 | D:1      | Learned a level 2 spell: Sticks to Snakes
   611 | D:1      | You fall into a shaft and drop 1 floor!
  1017 | D:1      | Reached XP level 3. HP: 23/23 MP: 4/6
  1024 | D:1      | Learned a level 3 spell: Spider Form
  1240 | D:1      | Reached skill level 1 in Poison Magic
  1350 | D:2      | Found a glowing silver altar of Zin.
  1350 | D:2      | Found a shimmering blue altar of Sif Muna.
  1350 | D:2      | Found an iron altar of Okawaru.
  1350 | D:2      | Noticed Natasha
  1359 | D:2      | Killed Natasha
  1359 | D:2      | Reached XP level 4. HP: 9/28 MP: 3/7
  1370 | D:1      | Slain by a leopard gecko

Levels and vault maps discovered:
D:1:      mushboom_english_gardens, layout_basic, serial_corexii_hall,
          corexii_hall_statues_i, corexii_hall_statues_x, dk_noncrumbling_4
D:2:      layout_loops_ring, chequers_temple_overflow_statue_of_worship,
          minmay_pentomino_u2, uniq_sigmund, uniq_natasha, uniq_terence

Skill      XL: |  1  2  3 |
---------------+----------+-----
Transmutations | 3 |  3.0
Poison Magic   | 2 |  2.7
Fighting       | |  1.0
Dodging        | |  2.0
Unarmed Combat | |  3.3
Spellcasting   | |  2.0

Action                   |  1- 3 |  4- 6 || total
-------------------------+-------+-------++-------
Melee: Unarmed           |    54 |     4 ||    58
       Constrict         |    10 |       ||    10
       Kick              |     9 |       ||     9
       Tentacles         |     6 |     1 ||     7
 Cast: Beastly Appendage |    20 |       ||    20
       Spider Form       |     1 |       ||     1
 Stab: Sleeping          |     8 |       ||     8
  Eat: Chunk             |     1 |       ||     1
Armor: Skin              |     7 |     1 ||     8
Dodge: Dodged            |    49 |    21 ||    70
